 Dungeon Crawl Stone Soup version 0.23-a0-650-ga4d50d4d25 (webtiles) character file.

106031 Notair the Severer (level 15, -3/144 HPs)
             Began as a Minotaur Gladiator on Jan 7, 2019.
             Was the Champion of Okawaru.
             Slain by a ghost crab (6 damage)
             ... on level 2 of the Swamp.
             The game lasted 02:00:05 (32626 turns).

Notair the Severer (Minotaur Gladiator)            Turns: 32626, Time: 02:00:06

Health: -3/144     AC: 24    Str: 18    XL:     15   Next: 96%
Magic:  27/27      EV: 20    Int: 16    God:    Okawaru [******]
Gold:   1914       SH:  0    Dex: 15    Spells: 9/14 levels left

rFire    + . .     SeeInvis .   x - +7 battleaxe of the Battered Suns {chop, rC+ Int+8}
rCold    + + .     Gourm    +   (shield currently unavailable)
rNeg     . . .     Faith    .   u - +0 plate armour
rPois    +         Spirit   .   c - +1 hat
rElec    +         Reflect  .   i - scarf {rC+ rF+}
rCorr    .         Harm     .   r - +0 pair of gloves of Naumiaw {rPois MR++ MP+9 Dex+3}
MR       +++..                  T - +0 pair of boots
Stlth    ..........             G - amulet of the gourmand
HPRegen  0.34/turn              M - +5 ring of evasion
MPRegen  0.20/turn              h - ring of Eternal Harmony {+Inv rElec Int-2 Dex-2 Stlth-}

@: heroism
A: retaliatory headbutt, horns 2
a: Heroism, Finesse, Renounce Religion, Evoke Invisibility


You were on level 2 of the Swamp.
You worshipped Okawaru.
Okawaru was exalted by your worship.
You were full.

You visited 5 branches of the dungeon, and saw 26 of its levels.
You also visited: Ice Cave.

You collected 1928 gold pieces.
You spent 14 gold pieces at shops.

Inventory:

Hand Weapons
 a - a +1 arbalest of freezing
 x - the +7 battleaxe of the Battered Suns (weapon) {chop, rC+ Int+8}
   (Okawaru gifted it to you in an ice cave)

   It inflicts extra damage upon your enemies.
   It affects your intelligence (+8).
   It protects you from cold.
 D - a +3 battleaxe of flaming
 U - a +4 executioner's axe of electrocution
Missiles
 v - 95 bolts
Armour
 c - a +1 hat (worn)
 i - a scarf of resistance (worn)
 r - the +0 pair of gloves of Naumiaw (worn) {rPois MR++ MP+9 Dex+3}
   (Okawaru gifted it to you on level 14 of the Dungeon)

   It affects your dexterity (+3).
   It protects you from poison.
   It affects your resistance to hostile enchantments.
   It affects your magic capacity (+9).
 u - a +0 plate armour (worn)
 T - a +0 pair of boots (worn)
Jewellery
 d - an uncursed ring of resist corrosion
 h - the ring of Eternal Harmony (right hand) {+Inv rElec Int-2 Dex-2 Stlth-}
   (You found it on level 3 of the Lair of Beasts)

   [ring of attention]

   It affects your intelligence (-2).
   It affects your dexterity (-2).
   It insulates you from electricity.
   It lets you turn invisible.
   It makes you less stealthy.
 q - a +4 ring of slaying
 s - an uncursed amulet of magic regeneration
 G - an amulet of the gourmand (around neck)
 J - an uncursed ring of positive energy
 M - a +5 ring of evasion (left hand)
Wands
 p - a wand of acid (5)
 I - a wand of digging (2)
 K - a wand of flame (44)
 L - a wand of disintegration (21)
 N - a wand of iceblast (5)
 S - a wand of clouds (3)
 V - a wand of paralysis (6)
 W - a wand of polymorph (17)
 X - a wand of scattershot (3)
Scrolls
 b - 2 scrolls of magic mapping
 e - 4 scrolls of teleportation
 j - a scroll of identify
 m - a scroll of summoning
 o - 5 scrolls of enchant armour
 t - a scroll of brand weapon
 w - a scroll of fog
 y - 2 scrolls of enchant weapon
 A - 4 scrolls of immolation
 B - 16 scrolls of remove curse
 F - 5 scrolls of fear
Potions
 g - 7 potions of curing
 k - 9 potions of flight
 l - a potion of magic
 n - 5 potions of haste
 z - a potion of resistance
 C - 6 potions of lignification
 E - 3 potions of mutation
 H - 4 potions of berserk rage
 P - a potion of invisibility
 R - 2 potions of agility
 Y - a potion of brilliance
 Z - a potion of ambrosia
Miscellaneous
 Q - a fan of gales
Comestibles
 f - 33 rations


   Skills:
 + Level 16.2(21.2) Fighting
 * Level 18.7(23.7) Axes
 - Level 2.0(7.0) Throwing
 + Level 15.9(20.9) Armour
 + Level 11.7(16.7) Dodging
   Level 0.0(5.0) Shields
 - Level 3.0 Charms
 - Level 3.0 Necromancy
 - Level 6.0 Invocations


You had 9 spell levels left.
You knew the following spells:

 Your Spells              Type           Power        Failure   Level  Hunger
a - Regeneration          Chrm/Necr      #.........   88%         3    ####...
b - Song of Slaying       Chrm           #.......     67%         2    ###....

Your spell library contained the following spells:

 Spells                   Type           Power        Failure   Level  Hunger
 Infusion                 Chrm           #...         52%         1    ##.....
 Shroud of Golubria       Chrm/Tloc      #.........   86%         2    ###....
 Swiftness                Chrm/Air       #.......     86%         2    ###....
 Apportation              Tloc           #.....       91%         1    ##.....
 Confusing Touch          Hex            #.....       91%         1    ##.....
 Corona                   Hex            #......      91%         1    ##.....
 Shock                    Conj/Air       #...         91%         1    ##.....
 Sting                    Conj/Pois      #...         91%         1    ##.....
 Summon Butterflies       Summ           #.......     91%         1    ##.....
 Ensorcelled Hibernation  Hex/Ice        #.....       97%         2    ###....
 Poisonous Vapours        Pois/Air       #.....       97%         2    ###....
 Spectral Weapon          Hex/Chrm       #.......     98%         3    ####...
 Confuse                  Hex            #.......     99%         3    ####...
 Dazzling Spray           Conj/Hex       #.....       99%         3    ####...
 Gell's Gravitas          Tloc           #.........   99%         3    ####...
 Lesser Beckoning         Tloc           #.........   99%         3    ####...
 Mephitic Cloud           Conj/Pois/Air  #.......     99%         3    ####...
 Static Discharge         Conj/Air       #.......     99%         3    ####...
 Tukima's Dance           Hex            #.......     99%         3    ####...
 Airstrike                Air            #.........   100%        4    #####..
 Olgreb's Toxic Radiance  Pois           #.......     100%        4    #####..
 Petrify                  Tmut/Erth      #.......     100%        4    #####..
 Alistair's Intoxication  Tmut/Pois      #.......     100%        5    ######.
 Lightning Bolt           Conj/Air       #.........   100%        5    ######.
 Metabolic Englaciation   Hex/Ice        #.........   100%        5    ######.
 Venom Bolt               Conj/Pois      #.........   100%        5    ######.
 Yara's Violent Unravell  Hex/Tmut       #.........   100%        5    ######.
 Invisibility             Hex            #.......     100%        6    #######
 Ignition                 Fire           #.........   100%        8    #######
 Shatter                  Erth           #.........   100%        9    #######
 Tornado                  Air            #.........   100%        9    #######


Dungeon Overview and Level Annotations

Branches:
Dungeon (15/15)            Temple (1/1) D:7            Lair (6/6) D:9
  Swamp (2/4) Lair:3        Snake (0/4) Lair:3        Slime (0/5) Lair:6
    Orc (2/2) D:9             Elf (0/3) Orc:2        Vaults (0/5) D:14
 Depths (0/5) D:15

Altars:
Ashenzari
Cheibriados
Dithmenos
Elyvilon
Fedhas
Gozag
Hepliaklqana
Kikubaaqudgha
Makhleb
Nemelex Xobeh
Okawaru
Qazlal
Ru
Sif Muna
Trog
Uskayaw
Vehumet
Wu Jian
Xom
Yredelemnul
Zin
The Shining One

Shops:
D:4 =   Orc:1 *   Orc:2 !(=[*

Annotations:
D:5 1 exclusion
D:13 exclusion: downstairs
Lair:5 exclusion: 4 oklob plants


Innate Abilities, Weirdness & Mutations

You reflexively headbutt those who attack you in melee.
You have a pair of horns on your head.


Message History

Things that are here:
a +0 spear; a spriggan corpse; a hornet corpse You slash the ghost crab!
The ghost crab is lightly damaged.
You completely miss the spectral four-headed hydra.
You are engulfed in spectral mist.
* * * LOW HITPOINT WARNING * * *
Okay, then.
You feel better.
You are engulfed in spectral mist.
The ghost crab breathes spectral mist at you.
The spectral mist engulfs you!
The spectral four-headed hydra completely misses you.
The spectral four-headed hydra misses you.
The spectral four-headed hydra bites you but does no damage.
The spectral four-headed hydra barely misses you.
As you read the scroll of summoning, it crumbles to dust.
Wisps of shadow whirl around you...
You are engulfed in spectral mist.
* * * LOW HITPOINT WARNING * * *
The ghost crab bites you.
You die...

.≈≈♣♣♣≈.♣..♣..♣.♣.≈..♣
♣.♣♣ ♣≈.♣..♣..♣.≈≈≈.♣
♣♣♣ ...♣≈.♣≈.♣...≈♣♣
...♣♣.♣♣.♣♣...♣ .♣..
♣..♣..♣♣ ♣♣♣♣♣ ..♣
♣..♣.♣.♣ ..≈≈♣.♣..♣
♣..♣..♣♣
≈≈≈.≈.♣..♣..♣.○♣Z♣♣
♣≈≈...........°.@t♣
≈≈..≈♣♣♣♣♣♣♣♣♣♣♣♣n°♣
≈..≈≈♣ D♣♣ ♣≈♣♣... ≈(
♣♣♣ ♣♣.≈ ≈.. ♣≈ ≈...
≈.♣♣♣ ♣♣♣


You could see a ghost crab, a spectral four-headed hydra, a friendly six-headed
hydra and a friendly bog body.

Vanquished Creatures
  Kirke (D:14)
  An orc warlord (Orc:2)
  5 dire elephants
  Snorg (D:13)
  The ghost of TheNamelessOne the Nimble, a journeyman OpWr of Vehumet (Lair:1)
  An ogre mage (D:14)
  4 vault guards (D:14)
  The ghost of EnegeticOcto the Carver, a journeyman DrAK of Lugonu (Lair:1)
  The ghost of guttsta the Grappler, a novice TrBe of Trog (D:9)
  An anaconda (Lair:6)
  A shambling mangrove (Swamp:2)
  9 hydras
  2 centaur warriors
  3 two-headed ogres
  2 tengu warriors (D:15)
  4 alligators (Swamp:1)
  3 orc high priests (Orc:2)
  Urug (Lair:2)
  A deep elf knight (D:14)
  7 skeletal warriors
  2 unseen horrors
  3 swamp dragons
  A deep elf archer (D:14)
  A wizard (D:14)
  A necromancer (IceCv)
  5 orc knights
  A deep elf mage (D:15)
  10 ugly things
  5 orc sorcerers (Orc:2)
  A wolf spider (D:15)
  2 manticores
  A cyclops (D:13)
  2 ice statues (IceCv)
  15 elephants
  4 black mambas
  2 centaur zombies
  A torpor snail (Lair:6)
  11 spiny frogs
  2 gargoyles
  A rime drake (Lair:5)
  A freezing wraith (D:14)
  7 komodo dragons
  2 kobold demonologists (D:9)
  9 ice devils (IceCv)
  2 tengu conjurers (D:14)
  A merfolk (D:12)
  7 trolls
  5 hornets
  21 slime creatures
  4 tyrant leeches
  4 bog bodies
  4 blink frogs (Lair:1)
  4 hippogriffs
  A meliai zombie (D:14)
  A spriggan (Swamp:1)
  2 shadows
  8 wyverns
  3 vampires
  3 basilisks
  49 yaks
  A human (D:14)
  13 vampire mosquitoes
  A hungry ghost (D:14)
  8 insubstantial wisps
  A soldier ant (D:13)
  5 swamp worms
  A warg (D:9)
  A naga (Lair:3)
  17 porcupines
  2 acid dragons
  11 water moccasins
  30 orc warriors
  2 hornet zombies
  3 swamp drakes
  7 ice beasts
  4 sky beasts
  A necrophage (D:9)
  9 ogres
  4 wolves (Lair:3)
  11 centaurs
  11 crocodiles
  13 bullfrogs
  15 big kobolds
  2 gnoll sergeants
  Blork the orc (D:5)
  A wyvern zombie (D:12)
  5 scorpions
  4 wights (D:8)
  4 killer bees (D:10)
  A vampire bat (D:4)
  A howler monkey (shapeshifter) (D:15)
  2 howler monkeys (D:10)
  A bullfrog zombie (D:13)
  6 crimson imps
  2 draconian simulacra (IceCv)
  20 jellies
  A quasit (D:6)
  8 centaur skeletons
  4 hounds
  27 orc priests
  2 bullfrog skeletons
  4 iguanas
  18 orc wizards
  2 spriggan simulacra (IceCv)
  16 worker ants
  2 troll simulacra (IceCv)
  A centaur simulacrum (IceCv)
  A hound skeleton (D:8)
  2 worker ant zombies
  12 adders
  8 gnolls
  2 naga simulacra (IceCv)
  An ogre simulacrum (IceCv)
  4 shadow imps
  3 oozes
  An adder skeleton (D:9)
  3 worms
  A dart slug (D:2)
  5 leopard geckos
  73 orcs
  7 giant cockroaches
  9 goblins
  7 hobgoblins
  15 jackals
  5 quokkas
  A ball python (D:4)
  13 bats
  7 frilled lizards
  19 kobolds
  2 quokka zombies (D:8)
  9 rats
  4 fungi
  8 plants
787 creatures vanquished.

Vanquished Creatures (others)
  A spriggan (Swamp:2)
  3 humans (D:14)
  A sky beast (D:14)
  An orc wizard (D:3)
  10 fungi
  3 plants
19 creatures vanquished.

Grand Total: 806 creatures vanquished

Notes
Turn   | Place    | Note
-------+----------+-------------------------------------------
     0 | D:1      | Notair the Minotaur Gladiator began the quest for the Orb.
     0 | D:1      | Reached XP level 1. HP: 18/18 MP: 0/0
    66 | D:1      | Reached skill level 4 in Axes
   217 | D:1      | Reached XP level 2. HP: 25/25 MP: 1/1
   252 | D:1      | Reached skill level 1 in Armour
   688 | D:2      | Reached XP level 3. HP: 31/31 MP: 2/2
   876 | D:2      | Found a bloodstained altar of Trog.
   946 | D:2      | Reached XP level 4. HP: 32/38 MP: 3/3
   948 | D:2      | Reached skill level 5 in Axes
  1672 | D:3      | Reached XP level 5. HP: 46/46 MP: 4/4
  2000 | D:3      | Reached skill level 6 in Axes
  2521 | D:4      | Reached XP level 6. HP: 51/52 MP: 5/5
  3310 | D:4      | Reached skill level 7 in Axes
  3325 | D:4      | Found Xodielio's Jewellery Boutique.
  3435 | D:5      | Entered Level 5 of the Dungeon
  3501 | D:5      | Noticed Blork the orc
  3512 | D:5      | Killed Blork the orc
  3512 | D:5      | Reached skill level 5 in Fighting
  3512 | D:5      | Reached XP level 7. HP: 61/61 MP: 6/6
  3591 | D:5      | Reached skill level 8 in Axes
  3904 | D:5      | Reached skill level 5 in Armour
  4619 | D:5      | Found a deep blue altar of Sif Muna.
  5074 | D:6      | Reached XP level 8. HP: 68/70 MP: 7/7
  5324 | D:6      | Reached skill level 9 in Axes
  6051 | D:6      | Found a shadowy altar of Dithmenos.
  6241 | D:7      | Reached skill level 10 in Axes
  6833 | D:7      | Reached XP level 9. HP: 66/79 MP: 8/8
  6851 | D:7      | Found a staircase to the Ecumenical Temple.
  6857 | Temple   | Entered the Ecumenical Temple
  6937 | Temple   | Became a worshipper of Warmaster Okawaru
  7466 | D:8      | Reached skill level 11 in Axes
  7857 | D:8      | Reached * piety under Okawaru
  7862 | D:8      | Identified the +8 whip "Killer Bee's Doom" {venom, +Fly}
                  | (You found it on level 8 of the Dungeon)
  8427 | D:9      | Noticed a two-headed ogre
  8441 | D:9      | Killed a two-headed ogre
  8441 | D:9      | Reached skill level 12 in Axes
  8707 | D:9      | Reached XP level 10. HP: 66/90 MP: 6/9
  8713 | D:9      | Reached ** piety under Okawaru
  9202 | D:9      | Found a staircase to the Lair.
  9256 | D:9      | Found a staircase to the Orcish Mines.
  9722 | D:9      | Found a runed gate.
  9722 | D:9      | Found a runed gate.
  9723 | D:9      | Found a runed gate.
  9728 | D:9      | Noticed guttsta's ghost (novice TrBe)
  9728 | D:9      | Identified the +4 short sword "Warrowo" {pain, *Contam
                  | Str+2 Int+4 Dex+5}
  9754 | D:9      | Paralysed by a big kobold for 6 turns
  9762 | D:9      | Got an iridescent scimitar
  9896 | D:9      | Killed guttsta's ghost
  9896 | D:9      | Reached skill level 13 in Axes
  9907 | D:9      | Reached *** piety under Okawaru
 10155 | D:9      | Paralysed by a big kobold for 6 turns
 10204 | D:9      | Reached skill level 10 in Fighting
 10470 | D:10     | Entered Level 10 of the Dungeon
 10567 | D:10     | Reached skill level 14 in Axes
 10574 | D:10     | Reached **** piety under Okawaru
 10582 | D:10     | Reached skill level 10 in Armour
 10601 | D:10     | Reached XP level 11. HP: 40/101 MP: 10/10
 11683 | D:10     | You fall through a shaft for 3 floors!
 11683 | D:13     | Noticed a white ugly thing
 11688 | D:13     | Killed an unseen horror
 11703 | D:13     | Killed a white ugly thing
 11713 | D:13     | HP: 4/101 [cyclops (16)]
 11795 | D:13     | Noticed a brown ugly thing
 11806 | D:13     | Killed a brown ugly thing
 12003 | D:13     | Reached ***** piety under Okawaru
 12033 | D:13     | Noticed a centaur warrior
 12045 | D:13     | Killed a centaur warrior
 12045 | D:13     | Reached skill level 15 in Axes
 12197 | D:13     | Noticed an eight-headed hydra
 12203 | D:13     | Killed an eight-headed hydra
 12237 | D:12     | You fall through a shaft for 2 floors!
 12406 | D:14     | Noticed Kirke
 12424 | D:14     | Killed Kirke
 12424 | D:14     | Received a gift from Okawaru
 12427 | D:14     | Got a jewelled battleaxe {god gift}
 12517 | D:12     | Noticed a two-headed ogre
 12527 | D:12     | Killed a two-headed ogre
 12868 | D:12     | Reached XP level 12. HP: 112/112 MP: 11/11
 13066 | D:11     | Reached skill level 16 in Axes
 13242 | D:10     | Reached skill level 1 in Invocations
 13782 | D:11     | HP: 1/112 [komodo dragon (13)]
 15975 | D:11     | Reached skill level 5 in Dodging
 16431 | D:12     | Received a gift from Okawaru
 17088 | D:13     | Noticed Snorg
 17102 | D:13     | Killed Snorg
 17441 | D:14     | Noticed a two-headed ogre
 17694 | D:14     | Reached skill level 5 in Invocations
 17695 | D:14     | Noticed a four-headed hydra
 17706 | D:14     | Killed a four-headed hydra
 17706 | D:14     | Reached XP level 13. HP: 93/122 MP: 13/15
 18458 | D:14     | Received a gift from Okawaru
 18460 | D:14     | Got a pair of fine gloves {god gift}
 18471 | D:14     | Identified the +0 pair of gloves of Naumiaw {rPois MR++
                  | MP+9 Dex+3} (Okawaru gifted it to you on level 14 of the
                  | Dungeon)
 19211 | D:14     | Found a gate to the Vaults.
 19443 | D:14     | Identified the +6 battleaxe of Bohiok {vamp, rF+ rN+ Int+4}
                  | (Okawaru gifted it to you on level 14 of the Dungeon)
 19652 | D:15     | Entered Level 15 of the Dungeon
 20039 | D:15     | Received a gift from Okawaru
 20143 | D:15     | Learned a level 3 spell: Regeneration
 20146 | D:15     | Learned a level 2 spell: Song of Slaying
 20366 | D:15     | Found a staircase to the Depths.
 20366 | D:15     | Noticed a dire elephant
 20372 | D:15     | Reached XP level 14. HP: 113/133 MP: 17/17
 21055 | Lair:1   | Entered Level 1 of the Lair of Beasts
 21122 | Lair:1   | Found a frozen archway.
 21133 | IceCv    | Entered an ice cave
 21157 | IceCv    | Reached skill level 1 in Necromancy
 21192 | IceCv    | Reached skill level 1 in Charms
 21385 | IceCv    | Received a gift from Okawaru
 21390 | IceCv    | Got an encrusted battleaxe {god gift}
 21421 | IceCv    | Reached ****** piety under Okawaru
 21958 | Lair:1   | Found a runed gate.
 21958 | Lair:1   | Found a runed gate.
 21958 | Lair:1   | Found a runed gate.
 21959 | Lair:1   | Noticed TheNamelessOne's ghost (journeyman OpWr)
 21959 | Lair:1   | Noticed EnegeticOcto's ghost (journeyman DrAK)
 22687 | Lair:1   | Killed EnegeticOcto's ghost
 22690 | Lair:1   | Killed TheNamelessOne's ghost
 22736 | Lair:2   | Noticed Urug
 22868 | Lair:2   | Killed Urug
 22946 | Lair:2   | Identified the +7 battleaxe of the Battered Suns {chop, rC+
                  | Int+8} (Okawaru gifted it to you in an ice cave)
 23392 | Lair:3   | Received a gift from Okawaru
 23392 | Lair:3   | Reached skill level 10 in Dodging
 23425 | Lair:3   | Found a staircase to the Snake Pit.
 23428 | Lair:3   | You fall through a shaft for 2 floors!
 23512 | Lair:5   | Reached skill level 15 in Fighting
 24027 | Lair:3   | Found a staircase to the Swamp.
 24586 | Lair:3   | Got a pitted golden ring
 24588 | Lair:3   | Identified the ring of Eternal Harmony {+Inv rElec Int-2
                  | Dex-2 Stlth-} (You found it on level 3 of the Lair of
                  | Beasts)
 24920 | Lair:5   | Received a gift from Okawaru
 25686 | Lair:6   | Entered Level 6 of the Lair of Beasts
 25701 | Lair:6   | Reached skill level 17 in Axes
 25710 | Lair:6   | Received a gift from Okawaru
 25864 | Lair:6   | Reached skill level 15 in Armour
 26292 | Lair:6   | Reached XP level 15. HP: 118/141 MP: 18/18
 26439 | Lair:6   | Found a staircase to the Slime Pits.
 26450 | Lair:6   | Received a gift from Okawaru
 27234 | Lair:6   | HP: 5/141 [dire elephant (23)]
 27944 | Orc:1    | Entered Level 1 of the Orcish Mines
 28373 | Orc:2    | Entered Level 2 of the Orcish Mines
 28375 | Orc:2    | Found a staircase to the Elven Halls.
 28409 | Orc:1    | Found a bloodstained altar of Trog.
 28413 | Orc:1    | Found Ihoil's Mass Market.
 28617 | Orc:2    | Found Eptaappo's Distillery.
 28626 | Orc:2    | Bought a potion of degeneration for 14 gold pieces
 29194 | Orc:2    | Noticed an orc warlord
 29208 | Orc:2    | Killed an orc warlord
 29641 | Orc:2    | Reached skill level 18 in Axes
 30159 | Orc:2    | Found Tamac's Antique Armour Shoppe.
 30160 | Orc:2    | Found Lysuqu Neita's Antique Weapon Emporium.
 30161 | Orc:2    | Found Weoliw's General Store.
 30161 | Orc:2    | Found Kakloegh's Jewellery Shoppe.
 30188 | Orc:2    | Received a gift from Okawaru
 30549 | Swamp:1  | Entered Level 1 of the Swamp
 32288 | Swamp:2  | Received a gift from Okawaru
 32612 | Swamp:2  | HP: 2/144 [shambling mangrove (6)]
 32623 | Swamp:2  | HP: 7/144 [ghost crab] (16)]
 32624 | Swamp:2  | HP: 1/144 [ghost crab] (6)]
 32626 | Swamp:2  | Slain by a ghost crab

Vault maps used:
D:1:      dpeg_arrival_simpleton_c
D:2:      bloody_trog, first_ration
D:4:      serial_bayou_lagoon_a, roderic_batcave, minmay_misc_feat_encased,
          minmay_shop_enchanted_jewellery
D:5:      led_sif_book, uniq_blork_the_orc
D:6:      grunt_dithmenos_shadows
D:7:      minmay_temple_entry_gardened_gates, minmay_quadrilaterals
D:9:      lair_entry_dummy, erik_orc_4, gammafunk_ghost_nasty_kobolds
D:12:     hangedman_fish_farm
D:13:     uniq_snorg
D:14:     grunt_vaults_entry_fortified, uniq_kirke
D:15:     hangedman_depths_entry_try_elsewhere_first, minmay_strange_pillars
Temple:   compressed_dpeg_triangle_lava_temple
Lair:1:   portal_ice_cave_entry_pillars_2, gammafunk_ghost_cemetery,
          beast_lair_carwin_6
Lair:2:   uniq_urug
Lair:3:   minmay_swamp_entry_reptiles, guppyfry_snake_entry_garden
Lair:5:   lemuel_fruit_fields, minmay_lair_oklob_chamber, grunt_megastairs_4,
          lemuel_fruit_fields, lemuel_fruit_fields
Lair:6:   due_jungle_book, minmay_slime_entry_jelly_boxes,
          small_statue_intersection, grunt_megastairs_3
Swamp:1:  nicolae_swamp_dense_foliage, infiniplex_staircase_pool_2
Swamp:2:  hangedman_swamp_cone
Orc:1:    basic_altar, minmay_shop_mass
Orc:2:    st_orc_congregation, serial_shops, shop
IceCv:    ice_cave_tombish

Skill      XL: |  1  2  3  4  5  6  7  8  9 10 11 12 13 14 15 |
---------------+----------------------------------------------+-----
Axes           | 4 5 6 7 8 10 12 14 15 16 17 18 | 18.7
Armour         | 1 2 3 4 5 6 8 10 11 12 14 15 | 15.9
Fighting       | 3 4 5 6 7 8 10 11 13 14 15 16 | 16.2
Invocations    | 5 6 |  6.0
Dodging        | 6 9 10 11 | 11.7
Necromancy     | 3 |  3.0
Charms         | 2 3 |  3.0
Throwing       | |  2.0

Action                   |  1- 3 |  4- 6 |  7- 9 | 10-12 | 13-15 || total
-------------------------+-------+-------+-------+-------+-------++-------
Melee: War axe           |    61 |   167 |    33 |    98 |       ||   359
       Headbutt          |     5 |    30 |    62 |   197 |   280 ||   574
       Hand axe          |       |       |   243 |   536 |       ||   779
       Unarmed           |       |       |       |    11 |       ||    11
       Punch             |       |       |       |     5 |     3 ||     8
       Morningstar       |       |       |       |     5 |       ||     5
       Broad axe         |       |       |       |   185 |   217 ||   402
       Battleaxe         |       |       |       |       |   994 ||   994
 Fire: Blowgun           |       |     7 |    18 |     3 |       ||    28
Throw: Throwing net      |       |       |       |     4 |       ||     4
Invok: Heroism           |       |       |     1 |    19 |    18 ||    38
       Finesse           |       |       |       |     3 |     1 ||     4
Evoke: Wand              |       |       |     1 |     1 |     2 ||     4
  Use: Scroll            |       |     8 |     3 |     6 |    20 ||    37
       Potion            |       |       |       |     2 |     6 ||     8
 Stab: Sleeping          |     1 |       |       |       |       ||     1
       Held in net/web   |       |       |       |     3 |       ||     3
       Confused          |       |       |       |     7 |       ||     7
  Eat: Chunk             |       |     8 |    10 |    32 |    50 ||   100
       Ration            |       |       |     2 |     2 |       ||     4
Armor: Leather armour    |    24 |     1 |       |       |       ||    25
       Chain mail        |       |    85 |       |       |       ||    85
       Plate armour      |       |    11 |   138 |   316 |   491 ||   956
       Skin              |       |       |       |     2 |       ||     2
Dodge: Dodged            |    42 |    83 |    69 |   193 |   689 ||  1076

Table legend:
 A = Non-vault XP
 B = Vault XP
 C = Vault XP percentage of total XP
 D = Non-vault monster count
 E = Vault monster count
 F = Vault count percentage of total count
                 A         B        C        D         E       F
            +---------+---------+-------+---------+---------+-------
      Total |  106328 |   45145 |  29.8 |     586 |     192 |  24.7
            +---------+---------+-------+---------+---------+-------
        D:1 |      39 |       0 |   0.0 |      24 |       0 |   0.0
        D:2 |     106 |       0 |   0.0 |      21 |       0 |   0.0
        D:3 |     213 |       0 |   0.0 |      33 |       0 |   0.0
        D:4 |     256 |      66 |  20.5 |      19 |       8 |  29.6
        D:5 |     621 |      87 |  12.3 |      15 |       1 |   6.2
        D:6 |     656 |      11 |   1.6 |      18 |       1 |   5.3
        D:7 |     507 |     251 |  33.1 |       7 |       4 |  36.4
        D:8 |    1387 |       0 |   0.0 |      27 |       0 |   0.0
        D:9 |    2263 |    3172 |  58.4 |      24 |      28 |  53.8
       D:10 |    3498 |       0 |   0.0 |      51 |       0 |   0.0
       D:11 |    4537 |       0 |   0.0 |      27 |       0 |   0.0
       D:12 |    6449 |     293 |   4.3 |      32 |       1 |   3.0
       D:13 |    9032 |    1129 |  11.1 |      33 |       1 |   2.9
       D:14 |   10998 |   10307 |  48.4 |      32 |      11 |  25.6
       D:15 |    8914 |    2317 |  20.6 |      27 |       3 |  10.0
     Lair:1 |    2315 |    2942 |  56.0 |      12 |       9 |  42.9
     Lair:2 |    1596 |     804 |  33.5 |       8 |       1 |  11.1
     Lair:3 |    4799 |    1042 |  17.8 |      21 |       5 |  19.2
     Lair:4 |     758 |       0 |   0.0 |       3 |       0 |   0.0
     Lair:5 |    4128 |    1667 |  28.8 |      11 |       5 |  31.2
     Lair:6 |   17789 |    4597 |  20.5 |      44 |      25 |  36.2
    Swamp:1 |   11509 |       0 |   0.0 |      31 |       0 |   0.0
    Swamp:2 |   10223 |       0 |   0.0 |      38 |       0 |   0.0
      Orc:1 |    1949 |       0 |   0.0 |      18 |       0 |   0.0
      Orc:2 |    1786 |   11557 |  86.6 |      10 |      67 |  87.0
      IceCv |       0 |    4903 | 100.0 |       0 |      22 | 100.0
            +---------+---------+-------+---------+---------+-------
